Map: 瑟拉斯废墟

Players

Quail - Winner!

  • Race: Zerg Zerg
  • League: Diamond

电脑难度 (极难)

  • Race: Protoss Protoss

VOD

Have the link to the VOD?

Description

Time

  • Played on: Dec. 4, 2015, 8:15 a.m.
  • Length: 9:52
Show
View Real Time Build Order
Export as new Build Order

Quail Zerg - Winner!

Build Orders: Hatch First 

Get SALT Encoding   

  12  0:01  Drone  
  13  0:08  Drone  
  14  0:17  Overlord  
  14  0:36  Drone x3  
  17  0:49  Drone  
  18  0:57  Hatchery  
  18  1:00  Drone  
  18  1:15  Spawning Pool  
  18  1:17  Drone  
  18  1:22  Extractor  
  18  1:23  Drone  
  18  1:30  Drone  
  19  1:41  Drone  
  20  1:51  Overlord  
  20  2:01  Queen  
  22  2:10  Drone x2  
  22  2:11  Queen  
  26  2:16  Drone  
  27  2:23  Zergling x4  
  29  2:35  Drone x2  
  31  2:41  Metabolic Boost  
  31  2:43  Zergling x2  
  32  2:47  Queen  
  32  2:49  Drone  
  35  2:58  Overlord  
  35  3:04  Hatchery  
  34  3:11  Baneling Nest  
  34  3:13  Roach Warren  
  34  3:19  Drone x3  
  36  3:29  Zergling x6  
  39  3:37  Overlord, Extractor  
  38  3:45  Drone  
  38  3:46  Drone x4  
  43  3:57  Overlord  
  43  4:02  Drone x2  
  45  4:06  Roach x3  
  51  4:15  Lair  
  51  4:16  Drone  
  52  4:22  Queen  
  54  4:25  Drone x2  
  54  4:29  Ravager x2  
  54  4:30  Roach  
  60  4:35  Overlord  
  60  4:42  Roach x2  
  60  4:43  Roach  
  66  4:48  Spore Crawler  
  64  5:00  Spore Crawler, Extractor  
  64  5:01  Roach  
  64  5:02  Roach x3  
  70  5:07  Overlord  
  70  5:12  Roach  
  70  5:14  Drone  
  73  5:19  Extractor  
  72  5:22  Hydralisk Den  
  72  5:23  Drone x2  
  73  5:29  Roach x3  
  79  5:37  Evolution Chamber  
  79  5:41  Drone x3  
  81  5:51  Overlord  
  81  5:52  Overlord  
  81  6:00  Overlord  
  81  6:08  Overlord x2  
  81  6:12  Glial Reconstitution  
  81  6:14  Zerg Ground Armor Level 1  
  81  6:29  Drone x6  
  81  6:32  Hydralisk  
  89  6:46  Hydralisk x3  
  95  6:52  Drone x4  
  99  6:57  Roach  
  101  7:04  Hydralisk x2  
  101  7:05  Hydralisk  
  107  7:09  Spore Crawler  
  103  7:18  Roach  
  103  7:19  Roach x3  
  108  7:25  Infestation Pit  
  108  7:27  Roach x2  
  111  7:35  Lurker Den  
  111  7:36  Hydralisk  
  113  7:45  Overlord x3  
  113  8:05  Roach x8  
  114  8:14  Roach x4  
  114  8:18  Roach  
  120  8:21  Drone x3  
  123  8:27  Ravager x2  
  123  8:28  Ravager  
  123  8:29  Ravager x2  
  123  8:32  Hydralisk x2  
  132  8:47  Hydralisk x3  
  138  8:49  Overlord x3  
  138  9:03  Overlord x2  
  138  9:15  Roach x4  
  138  9:16  Roach x2  
  150  9:22  Hydralisk, Roach x2  
  154  9:43  Lurker  
Show
View Real Time Build Order
Export as new Build Order

电脑难度 (极难) Protoss 

Build Orders: Zealot Archon 

Get SALT Encoding   

  12  0:01  Probe (Chrono Boost)  
  13  0:11  Probe (Chrono Boost)  
  14  0:21  Pylon  
  14  0:22  Probe (Chrono Boost)  
  15  0:39  Probe (Chrono Boost)  
  16  0:47  Assimilator  
  16  0:50  Probe (Chrono Boost), Gateway  
  17  0:59  Pylon  
  17  1:00  Probe (Chrono Boost)  
  19  1:11  Probe (Chrono Boost)  
  19  1:22  Probe (Chrono Boost)  
  21  1:32  Probe (Chrono Boost)  
  21  1:38  Zealot  
  21  1:40  Gateway  
  21  1:42  Cybernetics Core  
  21  1:44  Probe (Chrono Boost)  
  24  1:52  Pylon  
  24  1:55  Probe (Chrono Boost)  
  25  2:03  Zealot  
  25  2:06  Probe (Chrono Boost)  
  28  2:16  Warp Gate  
  28  2:18  Probe (Chrono Boost)  
  29  2:25  Adept  
  29  2:28  Adept  
  31  2:34  Gateway  
  33  2:43  Gateway  
  33  2:51  Adept  
  33  2:55  Adept  
  37  3:00  Pylon  
  37  3:01  Probe (Chrono Boost)  
  38  3:18  Adept  
  40  3:20  Adept  
  40  3:22  Adept  
  44  3:28  Adept  
  46  3:34  Pylon  
  46  3:41  Twilight Council  
  46  4:01  Pylon  
  46  4:20  Assimilator  
  46  4:41  Zealot  
  46  4:43  Templar Archives  
  48  4:50  Nexus  
  48  5:20  High Templar  
  50  5:24  Stalker  
  52  5:46  High Templar  
  54  5:56  Stalker  
  58  6:05  Stalker, Probe x2 (Chrono Boost)  
  60  6:12  Assimilator  
  60  6:16  Stalker, Probe (Chrono Boost)  
  60  6:17  Probe (Chrono Boost), Assimilator  
  64  6:27  Probe (Chrono Boost)  
  64  6:28  Probe (Chrono Boost)  
  66  6:34  Sentry  
  66  6:38  Probe (Chrono Boost)  
  70  6:40  Probe (Chrono Boost)  
  70  6:41  Stalker  
  70  6:44  Pylon  
  72  6:47  Stalker  
  72  6:49  Probe (Chrono Boost)  
  72  6:51  Probe (Chrono Boost)  
  76  6:54  Stalker  
  78  7:02  Stalker  
  78  7:03  Probe (Chrono Boost)  
  78  7:04  Probe (Chrono Boost)  
  78  7:06  Sentry, Pylon  
  78  7:07  Nexus  
  84  7:14  Probe (Chrono Boost)  
  85  7:18  Probe (Chrono Boost), Zealot  
  85  7:19  Zealot, Robotics Facility  
  78  7:23  Archon  
  78  7:24  Zealot  
  78  7:26  Probe (Chrono Boost)  
  78  7:29  High Templar  
  83  7:33  Pylon  
  83  7:35  Probe (Chrono Boost)  
  85  7:37  Probe (Chrono Boost)  
  85  7:41  Zealot  
  85  7:44  High Templar  
  89  7:45  Zealot  
  89  7:47  Probe (Chrono Boost)  
  89  7:49  Probe (Chrono Boost)  
  93  7:55  Pylon  
  93  7:58  Probe (Chrono Boost)  
  94  8:00  Probe (Chrono Boost), Zealot  
  94  8:04  Zealot  
  95  8:06  Observer  
  95  8:07  Zealot  
  95  8:10  Probe (Chrono Boost)  
  83  8:15  Zealot  
  65  8:20  Sentry  
  65  8:22  Adept  
  65  8:27  Adept  
  65  8:35  Sentry  
  65  8:41  Stalker, High Templar  
  69  8:45  Zealot  
  57  8:56  Sentry  
  51  9:03  Stalker  
  51  9:04  Zealot  
  54  9:10  Zealot  
  53  9:17  Zealot  
  53  9:22  Zealot  
  35  9:26  High Templar  
  35  9:29  High Templar  
  34  9:37  Stalker  
  24  9:42  Adept  
  24  9:44  Nexus  
Tags
 
Add a new tag
Caveats
  • Supply blocks, unpowered buildings, or Contaminate may cause inaccurate times.
  • Supply counts are checked every 10 seconds.